 Dungeon Sprint DCSS version 0.18.1-6-gd335043 (webtiles) character file.

207 Hipnos the Covert (level 5, -2/25 HPs)
             Began as a Spriggan Enchanter on May 15, 2016.
             Was a Believer of Dithmenos.
             Splashed by a jelly's acid (7 damage)
             ... while paralysed by a giant eyeball
             ... in the Dungeon (Sprint V: "Ziggurat Sprint").
             The game lasted 00:04:15 (311 turns).

Hipnos the Covert (Spriggan Enchanter)               Turns: 311, Time: 00:04:16

Health: -2/25      AC:  3    Str:  4    XL:     5   Next: 54%
Magic:  12/14      EV:  4    Int: 17    God:    Dithmenos [**....]
Gold:   0          SH:  0    Dex: 29    Spells: 3 memorised, 10 levels left

rFire  . . .     SeeInvis +     l - +5 dagger
rCold  . . .     Gourm    .     b - +1 robe
rNeg   . . .     Faith    .     (shield restricted)
rPois  .         Spirit   .     (helmet restricted)
rElec  .         Dismiss  .     (no cloak)
rCorr  .         Reflect  .     (gloves unavailable)
SustAt .         Harm     .     (boots unavailable)
MR     .....     NoTele   +     (no amulet)
Stlth  +++++++++.               n - +6 ring of dexterity
                                m - +6 ring of dexterity

@: paralysed, wreathed by umbra, very quick, not resistant to hostile
enchantments, incredibly stealthy
A: unfitting armour, see invisible, herbivore 3, speed 3, slow metabolism 2
a: Shadow Step, Renounce Religion


You were in the Dungeon.
You worshipped Dithmenos.
Dithmenos was pleased with you.
You were not hungry.

You visited 1 branch

Inventory:

Hand Weapons
 a - a +1 dagger
 l - a +5 dagger (weapon)
Armour
 b - a +1 robe (worn)
 k - a +5 shadow dragon armour
Jewellery
 m - a +6 ring of dexterity (left hand)
 n - a +6 ring of dexterity (right hand)
 o - a +6 ring of intelligence
 p - a +6 ring of intelligence
 q - a +6 ring of strength
 r - a +6 ring of strength
 A - the ring "Ezalut" {+Fly rElec rN+ MR+ Dex-4}
   (You found it in the Dungeon)

   [ring of positive energy]

   It affects your dexterity (-4).
   It insulates you from electricity.
   It protects you from negative energy.
   It affects your resistance to hostile enchantments.
   It lets you fly.
 K - an uncursed ring of flight
Wands
 s - a wand of disintegration (7/24)
 t - a wand of iceblast (5/15)
 u - a wand of lightning (5/15)
 v - a wand of acid (5/15)
Scrolls
 j - 4 scrolls of blinking
 y - 4 scrolls of amnesia
 D - 3 scrolls of recharging
 E - 7 scrolls of fog
 F - a scroll of holy word
 G - 5 scrolls of identify
 H - 5 scrolls of remove curse
 I - 2 scrolls of fear
Potions
 e - 10 potions of curing
 f - 10 potions of heal wounds
 g - 6 potions of haste
 h - 7 potions of magic
 i - 3 potions of berserk rage
 w - 2 potions of brilliance
 x - 2 potions of invisibility
 z - 4 potions of resistance
 B - 5 potions of agility
 C - 5 potions of might
Books
 c - a book of Maledictions

   Spells                             Type                      Level
   a - Corona                         Hexes                        1
   b - Ensorcelled Hibernation        Hexes/Ice                    2
   c - Confuse                        Hexes                        3
   d - Tukima's Dance                 Hexes                        3
   e - Dazzling Spray                 Conjuration/Hexes            3
 L - a book of Clouds

   Spells                             Type                      Level
   a - Mephitic Cloud                 Conjuration/Poison/Air       3
   b - Conjure Flame                  Conjuration/Fire             3
   c - Poisonous Cloud                Conjuration/Poison/Air       6
   d - Freezing Cloud                 Conjuration/Ice/Air          6
   e - Ring of Flames                 Charms/Fire                  7
 M - a Fen Folio

   Spells                             Type                      Level
   a - Corpse Rot                     Necromancy                   2
   b - Stone Arrow                    Conjuration/Earth            3
   c - Leda's Liquefaction            Hexes/Earth                  4
   d - Summon Forest                  Summoning/Translocation      5
   e - Hydra Form                     Transmutation                6
   f - Summon Hydra                   Summoning                    7
Comestibles
 d - 5 bread rations
 J - 42 fruits


   Skills:
 + Level 0.7 Fighting
 + Level 1.9 Short Blades
 * Level 1.8 Armour
 + Level 4.8 Dodging
 * Level 13.2 Stealth
 + Level 6.3 Spellcasting
 + Level 8.3 Hexes


You had 10 spell levels left.
You knew the following spells:

 Your Spells              Type           Power        Failure   Level  Hunger
a - Corona                Hex            ####...      1%          1    None
b - Ensorcelled Hibernat  Hex/Ice        ###...       3%          2    None
c - Confuse               Hex            ####....     1%          3    ##.....


Dungeon Overview and Level Annotations

Branches:
Dungeon (1/1)

Altars:
Ashenzari
Cheibriados
Dithmenos
Elyvilon
Fedhas
Gozag
Kikubaaqudgha
Makhleb
Nemelex Xobeh
Okawaru
Pakellas
Qazlal
Ru
Sif Muna
Trog
Vehumet
Xom
Yredelemnul
Zin
The Shining One
Beogh
Jiyva
Lugonu


Innate Abilities, Weirdness & Mutations

You are tiny and cannot use many weapons and most armour.
You have supernaturally acute eyesight.
You are a herbivore.
You cover ground extremely quickly.
You need consume almost no food.


Message History

The jelly completely misses you.
The slime creature completely misses you.
Casting: Corona
Confirm with . or Enter, or press ? or * to list all spells.
Aiming: Corona
Press: ? - help, Shift-Dir - straight line, f/p - slime creature
Aim: a slime creature (umbra, chance to defeat MR: 55%)
The slime creature is outlined in light.
The jelly closely misses you. The slime creature hits you!!
Ouch! That really hurt!
* * * LOW HITPOINT WARNING * * *
Casting: Corona
Confirm with . or Enter, or press ? or * to list all spells.
Okay, then.
The giant eyeball gazes piercingly through you!
You suddenly lose the ability to move!
The jelly hits you.
* * * LOW HITPOINT WARNING * * *
You are splashed with acid!
The acid burns!
You die...

▓.....▓.....▓▓▓▓▓▓▓
▓▓▓▓▓▓▓▓▓▓▓▓▓▓
▓..8©8...▓
▓..):|...▓
▓...|....▓
▓.....J..▓
▓........▓
▓....JGJ.▓
▓.....@..▓
▓▓▓▓▓▓▓▓▓▓


You could see a slime creature, 2 jellies and a giant eyeball.

Vanquished Creatures
  2 scorpions (D)
  A wight (D)
  2 orc priests (D)
  An adder zombie (D)
  An orc (D)
  A bat zombie (D)
  A jackal zombie (D)
9 creatures vanquished.

Notes
Turn   | Place    | Note
--------------------------------------------------------------
     0 | D        | Hipnos the Spriggan Enchanter began the quest for the Orb.
     0 | D        | Reached XP level 1. HP: 9/9 MP: 5/5
     3 | D        | Found an iron altar of Okawaru.
     3 | D        | Found a radiant altar of Vehumet.
     3 | D        | Found a burning altar of Makhleb.
     3 | D        | Found a shimmering altar of Xom.
     3 | D        | Found a deep blue altar of Sif Muna.
    11 | D        | Found a bloodstained altar of Trog.
    12 | D        | Found a white marble altar of Elyvilon.
    12 | D        | Found a sparkling altar of Nemelex Xobeh.
    12 | D        | Found a corrupted altar of Lugonu.
    12 | D        | Found a roughly hewn altar of Beogh.
    12 | D        | Found a viscous altar of Jiyva.
    56 | D        | Became a worshipper of Dithmenos the Shadowed
    59 | D        | Reached skill level 9 in Stealth
    59 | D        | Reached skill level 5 in Spellcasting
    59 | D        | Reached skill level 5 in Hexes
    59 | D        | Reached XP level 2. HP: 13/13 MP: 6/9
    93 | D        | Entered arena 1.
    93 | D        | Noticed a scorpion
    93 | D        | Noticed a scorpion
    96 | D        | Killed a scorpion
    96 | D        | Reached skill level 10 in Stealth
    96 | D        | Reached XP level 3. HP: 16/16 MP: 11/11
   106 | D        | Killed a scorpion
   106 | D        | Reached skill level 11 in Stealth
   106 | D        | Reached XP level 4. HP: 12/21 MP: 12/12
   239 | D        | Learned a level 2 spell: Ensorcelled Hibernation
   243 | D        | Learned a level 3 spell: Confuse
   256 | D        | Entered arena 2.
   261 | D        | Reached * piety under Dithmenos
   261 | D        | Reached skill level 1 in Armour
   261 | D        | Reached skill level 12 in Stealth
   262 | D        | Reached XP level 5. HP: 25/25 MP: 12/14
   272 | D        | Got the ring "Ezalut" {+Fly rElec rN+ MR+ Dex-4}
   274 | D        | Entered arena 3.
   278 | D        | Reached ** piety under Dithmenos
   280 | D        | Reached skill level 13 in Stealth
   301 | D        | Entered arena 4.
   301 | D        | Noticed a slime creature
   301 | D        | Noticed a giant eyeball
   309 | D        | Paralysed by a giant eyeball for 4 turns
   311 | D        | Splashed by a jelly's acid

Skill      XL: |  1  2  3  4  5 |
---------------+----------------+-----
Stealth        | 9 10 11 12 13 | 13.2
Spellcasting   | 5 6 |  6.3
Hexes          | 5 6 7 8 |  8.3
Dodging        | 4 |  4.8
Armour         | 1 |  1.8
Fighting       | |  0.7
Short Blades   | |  1.9

Action                   |  1- 3 |  4- 6 || total
-------------------------+-------+-------++-------
Melee: Dagger            |    11 |     7 ||    18
 Cast: Corona            |       |     2 ||     2
  Use: Potion            |     1 |       ||     1
 Stab: Sleeping          |     1 |     7 ||     8
Armor: Shadow dragon arm |     5 |       ||     5
       Robe              |       |     1 ||     1
Dodge: Dodged            |     2 |     3 ||     5
